 Dungeon Crawl Stone Soup version 0.27-a0-695-gb4952372f7 (webtiles) character file.

Game seed: 239229015223215679

87 leviel the Skirmisher (level 4, -2/29 HPs)
             Began as a Gargoyle Monk on Mar 22, 2021.
             Slain by a gnoll
             ... wielding a +0 spear
              (5 damage)
             ... on level 3 of the Dungeon.
             The game lasted 00:05:34 (3390 turns).

leviel the Skirmisher (Gargoyle Monk)               Turns: 3390, Time: 00:05:34

Health: -2/29      AC:  5    Str: 15      XL:     4   Next: 51%
Magic:  4/4        EV: 12    Int: 10 (11) God:
Gold:   98         SH:  0    Dex: 11 (12) Spells: 2/3 levels left

rFire    . . .     SeeInvis .   a - +0 mace (vorpal)
rCold    . . .     Faith    .   (no shield)
rNeg     + . .     Spirit   .   b - +0 robe
rPois    ∞         Reflect  .   (no helmet)
rElec    +         Harm     .   (no cloak)
rCorr    .         Rampage  .   (no gloves)
Will     .....                  (no boots)
Stlth    ++........             i - amulet of magic regeneration
HPRegen  0.09/turn              (no ring)
MPRegen  0.34/turn              (no ring)

@: no status effects
A: AC +3, negative energy resistance 1, electricity resistance, torment
resistance 1, unbreathing 1, petrification resistance
a: no special abilities


You were on level 3 of the Dungeon.
You visited 1 branch of the dungeon, and saw 3 of its levels.

You collected 98 gold pieces.

Inventory:

Hand Weapons
 a - a +0 vorpal mace (weapon)
Armour
 b - a +0 robe (worn)
Jewellery
 i - an amulet of magic regeneration (around neck)
Scrolls
 e - a scroll of amnesia {unknown}
 f - a scroll of vulnerability {unknown}
 g - a scroll of random uselessness {unknown}
 h - a scroll of acquirement {unknown}
 j - a scroll of noise {unknown}
 k - 2 scrolls of identify {unknown}
Potions
 c - a potion of attraction {unknown}


   Skills:
 + Level 4.1 Fighting
 + Level 3.8 Maces & Flails
 + Level 3.0 Dodging
 + Level 2.7 Stealth


You had 2 spell levels left.
You knew the following spells:

 Your Spells              Type           Power      Damage    Failure   Level
a - Summon Small Mammal   Summ           0%         N/A       36%         1

Your spell library contained the following spells:

 Spells                   Type           Power      Damage    Failure   Level
 Call Imp                 Summ           0%         N/A       50%         2
 Call Canine Familiar     Summ           0%         N/A       75%         3
 Summon Guardian Golem    Hex/Summ       0%         N/A       75%         3
 Summon Ice Beast         Ice/Summ       0%         N/A       98%         4
 Summon Lightning Spire   Summ/Air       0%         N/A       98%         4


Dungeon Overview and Level Annotations

Branches:
Dungeon (3/15)

Altars:
Nemelex Xobeh

Shops:
D:3 [


Innate Abilities, Weirdness & Mutations

Your stone body is resilient. (AC +3)
You are immune to poison.
You resist negative energy. (rN+)
You are resistant to electric shocks. (rElec)
You are resistant to unholy torment.
You can survive without breathing.
You are immune to petrification.


Message History

Confirm with . or Enter, or press ? or * to list all spells.
Magic restored.
Found a stone staircase leading down.
A goblin and 2 gnolls come into view.
Found a scroll labelled NOKHLA KAVAGAA.
There are monsters nearby!
The goblin shouts!
The gnoll shouts! x2
A gnoll is nearby!
A gnoll is nearby!
A gnoll is nearby!
You swap places.
The gnoll misses you.
You closely miss the gnoll. The gnoll hits you with a +0 spear!
You swap places.
Your bat hits the gnoll.
The gnoll hits you from afar with a +0 spear!
Your bat barely misses the gnoll.
Your bat hits the gnoll but does no damage.
Your bat closely misses the gnoll.
Your bat hits the gnoll but does no damage.
The gnoll hits your bat with a +0 spear!
Your bat dies!
Your bat's corpse disappears in a puff of smoke!
A gnoll comes into view. It is wielding a +0 whip.
As you read the scroll labelled TEUGIUMIUCEWN, it crumbles to dust.
It is a scroll of brand weapon.
Your +0 mace emits a brilliant flash of light!
a - a +0 vorpal mace (weapon)
Found 4 gold pieces.
The gnoll hits you with a +0 spear.
* * * LOW HITPOINT WARNING * * *
You hit the gnoll.
The gnoll is heavily wounded.
The gnoll closely misses you.
You barely miss the gnoll.
The gnoll is heavily wounded.
The gnoll hits you with a +0 spear.
* * * LOW HITPOINT WARNING * * *
You closely miss the gnoll.
The gnoll is heavily wounded.
The gnoll hits you with a +0 spear.
You die...

#.# ####.#### #.......
...$..# ..... ... #.#
#.# #@#########
#g#....g..# #g#g#####.#
#.#
#.####g#.#####.###.####
..........[.............
###.##.##.#g....##......
#. #.#.....##...... #.
#.#.....#..).#.. ..
#.#.#.#......#.#


You could see 2 gnolls and a goblin.

Vanquished Creatures
  An adder (D:3)
  2 oozes
  3 worms
  A dart slug (D:1)
  A leopard gecko (D:1)
  A giant cockroach (D:2)
  5 goblins
  3 hobgoblins
  13 jackals
  7 kobolds
  4 quokkas
  3 bats
  5 frilled lizards
  3 rats
52 creatures vanquished.

Notes
Turn   | Place    | Note
-------+----------+-------------------------------------------
     0 | D:1      | leviel the Gargoyle Monk began the quest for the Orb.
     0 | D:1      | Reached XP level 1. HP: 14/14 MP: 1/1
    43 | D:1      | Reached XP level 2. HP: 4/19 MP: 2/2
   866 | D:1      | Reached XP level 3. HP: 14/24 MP: 3/3
  2054 | D:2      | Found a sparkling altar of Nemelex Xobeh.
  2466 | D:2      | Reached XP level 4. HP: 11/29 MP: 4/4
  2468 | D:2      | Reached skill level 4 in Fighting
  3329 | D:3      | Found Kyoxkaun's Antique Armour Shop.
  3350 | D:3      | Learned a level 1 spell: Summon Small Mammal
  3390 | D:3      | Slain by a gnoll

Illustrated notes

Levels and vault maps discovered:
D:1:      psy_arrival_conway, layout_basic, grunt_decor_one_mirror
D:2:      layout_loops_ring, nemelex_xobeh_ov_fountains_minmay
D:3:      layout_basic, serial_shops,
          nicolae_shop_temple_entry_statues_fountains,
          nicolae_shop_behind_doors, shop, nicolae_shop_stone, uniq_natasha,
          uniq_terence

Skill      XL: |  1  2  3  4 |
---------------+-------------+-----
Fighting       | 4 |  4.1
Dodging        | 3 |  3.0
Maces & Flails | |  3.8
Stealth        | |  2.7

Action                   |  1- 3 |  4- 6 || total
-------------------------+-------+-------++-------
Melee: Mace              |   158 |    67 ||   225
 Cast: Summon Small Mamm |       |     1 ||     1
  Use: Potion            |     3 |     1 ||     4
       Scroll            |       |     1 ||     1
 Stab: Sleeping          |     3 |     4 ||     7
Armor: Robe              |    46 |    16 ||    62
Dodge: Dodged            |   130 |    41 ||   171

Table legend: (Time is in decaauts)
 A = Elapsed time spent in this place.
 B = Non-inter-level travel time spent in this place.
 C = Inter-level travel time spent in this place.
 D = Time resting spent in this place.
 E = Time spent auto-exploring this place.
 F = Levels seen in this place.
 G = Mean time per level.
                   A        B        C        D        E       F      G
               +--------+--------+--------+--------+--------+-----+--------+
         Total |   3446 |   3446 |      0 |   1693 |   1187 |   3 | 1148.7 |
       Dungeon |   3446 |   3446 |      0 |   1693 |   1187 |   3 | 1148.7 |
               +--------+--------+--------+--------+--------+-----+--------+

Top non-repeatable levels by time:
     D:1: 1851 daAuts
     D:2: 1388 daAuts
     D:3: 206 daAuts
